 Dungeon Sprint DCSS version 0.29.1-2-gbd0b4ee654 (webtiles) character file.

Game seed: 6316282520681100023

12607 Zeld the Executioner (level 11, -6/171 HPs)
             Began as a Minotaur Berserker on Oct 24, 2022.
             Was the Champion of Trog.
             Mangled by a 12-headed hydra (7 damage)
             ... while paralysed by a floating eye
             ... in the Dungeon (Sprint I: "Red Sonja").
             The game lasted 00:07:23 (3342 turns).

Zeld the Executioner (Minotaur Berserker)           Turns: 3342, Time: 00:07:23

Health: -6/171     AC: 15    Str: 34    XL:     11   Next: 64%
Magic:  10/10      EV:  2    Int:  1    God:    Trog [******]
Gold:   243        SH:  0    Dex: 10    Spells: 10/10 levels left

rFire   . . .      SeeInvis +   a - +4 battleaxe (flame)
rCold   . . .      Faith    .   (shield currently unavailable)
rNeg    . . .      Spirit   .   n - +1 chain mail of the World {rPois Str+10 Int-3 SInv}
rPois   +          Reflect  .   (helmet restricted)
rElec   .          Harm     .   (no cloak)
rCorr   .          Rampage  .   x - +3 pair of gloves of the Fortifying Gods {Slay+3}
Will    .....      NoTele   +   (no boots)
Stlth   ..........              (no amulet)
HPRegen 1.18/turn               (no ring)
MPRegen 0.12/turn               (no ring)

@: paralysed, berserking (expiring)
A: horns 2, retaliatory headbutt, deformed body, deterioration 2, regeneration
1, weak 1, subdued magic 2
a: Renounce Religion, Berserk, Trog's Hand, Brothers in Arms


You were in the Dungeon.
You worshipped Trog.
Trog was exalted by your worship.
You visited 1 branch You collected 1795 gold pieces.
You spent 1552 gold pieces at shops.

Inventory:

Hand Weapons
 a - a +4 battleaxe of flaming (weapon)
Armour
 n - the +1 chain mail of the World (worn) {rPois Str+10 Int-3 SInv}
   (You bought it in a shop in the Dungeon)

   Str:       It affects your strength (+10).
   Int:       It affects your intelligence (-3).
   rPois:     It protects you from poison.
   SInv:      It lets you see invisible.
 x - the +3 pair of gloves of the Fortifying Gods (worn) {Slay+3}
   (You bought it in a shop in the Dungeon)

   Slay:      It affects your accuracy & damage with ranged weapons and melee
   (+3).
Wands
 i - a wand of iceblast (9)
 m - a wand of charming (10)
 q - a wand of mindburst (2)
Scrolls
 j - a scroll of butterflies {unknown}
 l - a scroll of immolation {unknown}
 o - a scroll of vulnerability {unknown}
 p - a scroll of identify
 r - a scroll of enchant weapon {unknown}
 t - a scroll of fear {unknown}
Potions
 c - 8 potions of curing
 d - 4 potions of heal wounds
 e - a potion of haste
 f - 2 potions of magic
 g - a potion of berserk rage
 h - a potion of might {unknown}
 k - a potion of resistance {unknown}
 s - a potion of attraction {unknown}
 v - 3 potions of flight
 w - a potion of invisibility
Miscellaneous
 u - a phantom mirror


   Skills:
 + Level 16.2 Fighting
 * Level 21.8 Axes
 + Level 15.9 Armour
 + Level 14.7 Dodging


You had 10 spell levels left.
You didn't know any spells.
Your spell library was empty.

Dungeon Overview and Level Annotations

Branches:
Dungeon (1/1)

Altars:
Cheibriados
Dithmenos
Elyvilon
Fedhas
Gozag
Hepliaklqana
Kikubaaqudgha
Makhleb
Nemelex Xobeh
Okawaru
Qazlal
Ru
Sif Muna
Trog
Uskayaw
Vehumet
Wu Jian
Xom
Yredelemnul
Zin
The Shining One
Jiyva
Lugonu

Shops:
D =**((!:[([=[:=![[(([(


Innate Abilities, Weirdness & Mutations

You have a pair of horns on your head.
You reflexively headbutt those who attack you in melee.
Armour fits poorly on your strangely shaped body.
Your body often deteriorates upon taking damage.
Your natural rate of healing is unusually fast.
You are weak. (Str -2)
Your spells are easier to cast, but less powerful.


Message History

The 12-headed hydra bites you but does no damage.
The 12-headed hydra completely misses you.
The 12-headed hydra bites you. The 12-headed hydra barely misses you.
The 12-headed hydra bites you! The 12-headed hydra misses you.
The 12-headed hydra bites you!
Unknown command.
Unknown command.
Unknown command.
You barely miss the 12-headed hydra.
The floating eye gazes piercingly through you!
You suddenly lose the ability to move!
The 12-headed hydra bites you but does no damage. x5
The 12-headed hydra completely misses you.
The 12-headed hydra bites you but does no damage.
The 12-headed hydra bites you. The 12-headed hydra bites you!
The 12-headed hydra bites you but does no damage.
The 12-headed hydra bites you! The 12-headed hydra bites you.
The 12-headed hydra bites you.
The 12-headed hydra bites you but does no damage.
The 12-headed hydra bites you.
The 12-headed hydra bites you but does no damage.
The 12-headed hydra bites you. The 12-headed hydra bites you!
The 12-headed hydra bites you. x3; The 12-headed hydra bites you!
* * * LOW HITPOINT WARNING * * *
The 12-headed hydra bites you but does no damage.
The 12-headed hydra bites you!
* * * LOW HITPOINT WARNING * * *
The floating eye's view fixates on you.
The 12-headed hydra bites you but does no damage. x2
The 12-headed hydra bites you!
* * * LOW HITPOINT WARNING * * *
The 12-headed hydra bites you!
* * * LOW HITPOINT WARNING * * *
The 12-headed hydra bites you.
* * * LOW HITPOINT WARNING * * *
The 12-headed hydra bites you!
* * * LOW HITPOINT WARNING * * *
The 12-headed hydra bites you but does no damage.
The 12-headed hydra bites you!
You die...

#####################
..#§.#§§§)††..§§@DG$#
..##§#§####.§§§§##$.+
..'..#§# ##.§§## ##
###..§§# ###+#
.##§#### §#..°..#
§#..○.°'..$
§###○..#..2 .'.#...#
#'


You could see a 12-headed hydra and a floating eye (charged).

Vanquished Creatures
  2 centaur warriors (D)
  Sonja (D)
  A deep troll (D)
  A lindwurm (D)
  8 shining eyes (D)
  An oklob plant (D)
  A gargoyle (D)
  2 unseen horrors (D)
  2 kobold demonologists (D)
  4 demonic crawlers (D)
  A slime creature (D)
  A hornet (D)
  Sigmund (D)
  A yak (D)
  13 hogs (D)
  2 redbacks (D)
  6 floating eyes (D)
  An ogre (D)
  7 necrophages (D)
  9 jellies (D)
  Ijyb (D)
  A ballistomycete spore (D)
67 creatures vanquished.

Vanquished Creatures (others)
  A gargoyle (D)
  A ballistomycete spore (D)
2 creatures vanquished.

Grand Total: 69 creatures vanquished

Notes
Turn   | Place    | Note
-------+----------+-------------------------------------------
     0 | D        | Zeld the Minotaur Berserker began the quest for the Orb.
     0 | D        | Reached XP level 1. HP: 19/19 MP: 0/0
     1 | D        | Noticed Ijyb
     5 | D        | Killed Ijyb
     6 | D        | Reached skill level 5 in Axes
     6 | D        | Reached XP level 2. HP: 28/28 MP: 1/1
   154 | D        | Noticed an ogre
   158 | D        | Killed an ogre
   159 | D        | Reached skill level 7 in Axes
   159 | D        | Reached skill level 5 in Armour
   159 | D        | Reached XP level 3. HP: 37/37 MP: 2/2
   159 | D        | Reached XP level 4. HP: 44/44 MP: 3/3
   201 | D        | Noticed Sigmund
   206 | D        | Killed Sigmund
   206 | D        | Reached ** piety under Trog
   207 | D        | Reached skill level 10 in Axes
   207 | D        | Reached XP level 5. HP: 48/52 MP: 0/4
   207 | D        | Reached XP level 6. HP: 55/60 MP: 0/5
   324 | D        | Found a burning altar of Makhleb.
   324 | D        | Found a viscous altar of Jiyva.
   324 | D        | Found a shimmering altar of Xom.
   324 | D        | Found a corrupted altar of Lugonu.
   324 | D        | Noticed a slime creature
   330 | D        | Killed a slime creature
   331 | D        | Reached skill level 11 in Axes
   587 | D        | Noticed a kobold demonologist
   587 | D        | Noticed a floating eye
   587 | D        | Noticed a kobold demonologist
   588 | D        | Noticed a sun demon
   589 | D        | Paralysed by a floating eye for 3 turns
   590 | D        | Noticed an orange demon
   593 | D        | Killed a floating eye
   594 | D        | Reached skill level 12 in Axes
   594 | D        | Reached XP level 7. HP: 70/70 MP: 6/6
   598 | D        | Killed a kobold demonologist
   599 | D        | Reached skill level 13 in Axes
   600 | D        | Killed a gargoyle
   604 | D        | Killed a kobold demonologist
   604 | D        | Reached *** piety under Trog
   605 | D        | Reached skill level 10 in Fighting
   605 | D        | Reached XP level 8. HP: 14/79 MP: 7/7
   898 | D        | Noticed a demonic crawler
   898 | D        | Noticed a demonic crawler
   898 | D        | Noticed a demonic crawler
   898 | D        | Noticed a demonic crawler
   904 | D        | Killed a demonic crawler
   905 | D        | Reached skill level 14 in Axes
   905 | D        | Reached skill level 10 in Armour
   910 | D        | Killed a demonic crawler
   918 | D        | Killed a demonic crawler
   918 | D        | Reached **** piety under Trog
   919 | D        | Reached skill level 15 in Axes
   919 | D        | Reached skill level 10 in Dodging
   921 | D        | Killed a demonic crawler
   922 | D        | Reached XP level 9. HP: 8/90 MP: 8/8
   972 | D        | Noticed a lindwurm
   973 | D        | Noticed a gargoyle
  1003 | D        | HP: 1/135 [gargoyle/+0 mace (9)]
  1006 | D        | Killed a gargoyle
  1007 | D        | Reached skill level 16 in Axes
  1249 | D        | Noticed a centaur warrior
  1253 | D        | Killed a centaur warrior
  1257 | D        | Killed a lindwurm
  1258 | D        | Reached skill level 17 in Axes
  1775 | D        | Found a shimmering blue altar of Sif Muna.
  1776 | D        | Found an ornate altar of the Wu Jian Council.
  1908 | D        | Found a radiant altar of Vehumet.
  1912 | D        | Noticed a centaur warrior
  1912 | D        | Found a hazy altar of Hepliaklqana.
  1912 | D        | Found a hide-covered altar of Uskayaw.
  1913 | D        | Found a stormy altar of Qazlal.
  1913 | D        | Found a blossoming altar of Fedhas.
  1914 | D        | Found Inlaucet's Weapon Emporium.
  1914 | D        | Found a bloodstained altar of Trog.
  1914 | D        | Noticed Sonja
  1915 | D        | Found an iron altar of Okawaru.
  1915 | D        | Found a glowing silver altar of Zin.
  1917 | D        | Found an ancient bone altar of Kikubaaqudgha.
  1917 | D        | Found a glowing golden altar of the Shining One.
  1917 | D        | Found a white marble altar of Elyvilon.
  1918 | D        | Found a basalt altar of Yredelemnul.
  1918 | D        | Found an opulent altar of Gozag.
  1918 | D        | Found a snail-covered altar of Cheibriados.
  1918 | D        | Found a sacrificial altar of Ru.
  1918 | D        | Found a shadowy altar of Dithmenos.
  1924 | D        | Found a sparkling altar of Nemelex Xobeh.
  2499 | D        | Noticed a deep troll
  2512 | D        | Killed a deep troll
  2512 | D        | Reached ***** piety under Trog
  2513 | D        | Reached XP level 10. HP: 82/101 MP: 9/9
  2518 | D        | Noticed a shining eye
  2519 | D        | Killed Sonja
  2520 | D        | Reached skill level 18 in Axes
  2521 | D        | Paralysed by a floating eye for 3 turns
  2522 | D        | Noticed a shining eye
  2524 | D        | Found Lushrouwa's Armour Emporium.
  2720 | D        | Paralysed by a floating eye for 3 turns
  2725 | D        | Bought the +1 chain mail of the World {rPois Str+10 Int-3
                  | SInv} for 554 gold pieces
  2735 | D        | Noticed a shining eye
  2737 | D        | Gained mutation: Your body sometimes deteriorates upon
                  | taking damage. [a shining eye]
  2738 | D        | Gained mutation: Your natural rate of healing is unusually
                  | fast. [a shining eye]
  2742 | D        | Killed a shining eye
  2742 | D        | Received a gift from Trog
  2767 | D        | Killed a centaur warrior
  2770 | D        | Noticed an oklob plant
  2775 | D        | Killed an oklob plant
  2776 | D        | Reached skill level 19 in Axes
  2831 | D        | Noticed a shining eye
  2833 | D        | Paralysed by a floating eye for 2 turns
  2834 | D        | Lost intelligence.
  2834 | D        | Gained mutation: Your muscles are strong. (Str +4, Int/Dex
                  | -1) [a shining eye]
  2838 | D        | Noticed a shining eye
  2843 | D        | Killed a shining eye
  2845 | D        | Lost mutation: Your muscles are strong. (Str +4, Int/Dex
                  | -1) [a shining eye]
  2846 | D        | Gained mutation: Armour fits poorly on your strangely
                  | shaped body. [a shining eye]
  2848 | D        | Killed a shining eye
  2887 | D        | Noticed a shining eye
  2888 | D        | Found Hacitocwu's Jewellery Boutique.
  2888 | D        | Gained mutation: Your spells are a little easier to cast,
                  | but a little less powerful. [a shining eye]
  2895 | D        | Killed a shining eye
  2896 | D        | Reached skill level 20 in Axes
  2902 | D        | Noticed a shining eye
  2902 | D        | Noticed a shining eye
  2905 | D        | Reached ****** piety under Trog
  2906 | D        | Reached XP level 11. HP: 111/111 MP: 10/10
  2906 | D        | Gained mutation: Your body often deteriorates upon taking
                  | damage. [a shining eye]
  2907 | D        | Killed a shining eye
  2907 | D        | Received a gift from Trog
  2909 | D        | Gained mutation: You are weak. (Str -2) [a shining eye]
  2910 | D        | Killed a shining eye
  2911 | D        | Reached skill level 15 in Fighting
  2912 | D        | Killed a shining eye
  2915 | D        | Found Elaboc's Assorted Antiques.
  2915 | D        | Found Haonoxod's Distillery.
  2917 | D        | Found Fyun's Weapon Shop.
  2918 | D        | Found Bocoroan's General Store.
  2923 | D        | Bought a potion of heal wounds for 65 gold pieces
  2923 | D        | Bought a scroll of identify for 26 gold pieces
  2923 | D        | Bought a wand of mindburst (2) for 36 gold pieces
  2925 | D        | Bought a scroll labelled YTAPSI CIOP for 25 gold pieces
  2925 | D        | Bought an emerald potion for 22 gold pieces
  2925 | D        | Bought 3 potions of curing for 225 gold pieces
  2925 | D        | Bought a scroll labelled ABOOFI VUVEMO for 25 gold pieces
  2987 | D        | Reached skill level 15 in Armour
  3046 | D        | Received a gift from Trog
  3055 | D        | Identified the +9 war axe of Felaff {vorpal, Str+6} (Trog
                  | gifted it to you in the Dungeon)
  3055 | D        | Received a gift from Trog
  3056 | D        | Reached skill level 21 in Axes
  3088 | D        | Found Duro's Antique Armour Shoppe.
  3088 | D        | Found Wingaug's Book Shop.
  3088 | D        | Found Bufy's Weapon Boutique.
  3090 | D        | Found Loasutwut's Armour Emporium.
  3090 | D        | Found Leb Koat's Jewellery Shop.
  3090 | D        | Found Iziu's Antique Armour Shoppe.
  3090 | D        | Found Zoefasil's Book Boutique.
  3090 | D        | Found Tehuopn's Jewellery Emporium.
  3090 | D        | Found Kezyudd's Distillery.
  3090 | D        | Found Nore's Antique Armour Shoppe.
  3096 | D        | Found Lant's Antique Armour Boutique.
  3097 | D        | Found Umneidun's Antique Weapon Emporium.
  3097 | D        | Found Exka's Antique Weapon Boutique.
  3098 | D        | Found Ryarapi's Weapon Emporium.
  3102 | D        | Bought a potion of flight for 39 gold pieces
  3102 | D        | Bought a potion of invisibility for 104 gold pieces
  3102 | D        | Bought a potion of flight for 39 gold pieces
  3102 | D        | Bought a potion of flight for 39 gold pieces
  3102 | D        | Bought 2 potions of curing for 78 gold pieces
  3103 | D        | Bought a pair of masterwork gloves for 275 gold pieces
  3103 | D        | Identified the +3 pair of gloves of the Fortifying Gods
                  | {Slay+3} (You bought it in a shop in the Dungeon)
  3162 | D        | Gained mutation: Your spells are easier to cast, but less
                  | powerful. [a shining eye]
  3166 | D        | Killed a shining eye
  3168 | D        | Noticed a lorocyproca
  3197 | D        | Received a gift from Trog
  3208 | D        | Received a gift from Trog
  3336 | D        | Noticed a 12-headed hydra
  3339 | D        | Paralysed by a floating eye for 3 turns
  3342 | D        | HP: 1/171 [12-headed hydra (8)]
  3342 | D        | Mangled by a 12-headed hydra

Illustrated notes

Levels and vault maps discovered:
D:        dungeon_sprint_1 [red_sonja_temple_1, red_sonja_temple_small_1]

Skill      XL: |  1  2  3  4  5  6  7  8  9 10 11 |
---------------+----------------------------------+-----
Fighting       | 4 6 7 9 10 11 13 14 16 | 16.2
Axes           | 5 7 10 12 13 15 17 20 21 | 21.8
Armour         | 3 5 7 8 9 11 12 14 15 | 15.9
Dodging        | 3 4 6 7 9 10 11 13 14 | 14.7

Action                   |  1- 3 |  4- 6 |  7- 9 | 10-12 || total
-------------------------+-------+-------+-------+-------++-------
Melee: Hand axe          |     6 |     8 |    75 |     5 ||    94
       Headbutt          |     3 |     1 |    23 |    24 ||    51
       Punch             |       |     1 |     2 |       ||     3
       Battleaxe         |       |       |       |    78 ||    78
Invok: Berserk           |     2 |     3 |     4 |     1 ||    10
       Trog's Hand       |       |       |     2 |       ||     2
Evoke: Wand              |       |       |       |     3 ||     3
  Use: Scroll            |       |       |     1 |       ||     1
Armor: Animal skin       |       |     1 |     5 |       ||     6
       Chain mail        |       |       |       |    37 ||    37
Dodge: Dodged            |     2 |     6 |    37 |    25 ||    70
